 Dungeon Crawl Stone Soup version 0.29-a0-821-g66395355a5 (webtiles) character file.

Game seed: 10783792629195504160

976 kevlar127 the Ruffian (level 7, -2/72 HPs)
             Began as a Troll Berserker on July 7, 2022.
             Was a Priest of Trog.
             Killed from afar by a steam dragon (12 damage)
             ... with a ball of steam
             ... on level 6 of the Dungeon.
             The game lasted 00:11:45 (4497 turns).

kevlar127 the Ruffian (Troll Berserker)             Turns: 4497, Time: 00:11:47

Health: -2/72      AC:  7    Str: 28    XL:     7   Next: 95%
Magic:  6/6        EV: 10    Int:  3    God:    Trog [***...]
Gold:   367        SH:  0    Dex:  9    Spells: 6/6 levels left

rFire   . . .      SeeInvis .     - Unarmed
rCold   . . .      Faith    .   (no shield)
rNeg    . . .      Spirit   .   p - +2 robe {Archmagi}
rPois   .          Reflect  .   (helmet restricted)
rElec   .          Harm     .   C - +0 cloak
rCorr   .          Rampage  .   (gloves unavailable)
Will    ++...      Archmagi +   (boots unavailable)
Stlth   +.........              (no amulet)
HPRegen 2.02/turn               (no ring)
MPRegen 0.10/turn               (no ring)

@: strong-willed, regenerating
A: large, unfitting armour, claws 3, regeneration 1, shaggy fur 1, tough skin 1
a: Renounce Religion, Berserk, Trog's Hand


You were on level 6 of the Dungeon.
You worshipped Trog.
Trog was most pleased with you.
You visited 1 branch of the dungeon, and saw 6 of its levels.

You collected 367 gold pieces.

Inventory:

Missiles
 a - 3 javelins
 i - 66 stones (quivered)
 j - 5 curare-tipped darts
 t - a boomerang
 z - 3 poisoned darts
Armour
 p - a +2 robe of the Archmagi (worn)
 C - a +0 cloak (worn)
Jewellery
 w - a +4 ring of evasion
 E - a +4 ring of evasion
Wands
 s - a wand of iceblast (24)
 u - a wand of flame (16)
 G - a wand of polymorph (7)
Scrolls
 b - 4 scrolls of identify {unknown}
 c - 3 scrolls of teleportation {unknown}
 d - 4 scrolls of amnesia
 f - a scroll of enchant armour {unknown}
 n - 2 scrolls of vulnerability {unknown}
 o - a scroll of fog {unknown}
 q - a scroll of magic mapping {unknown}
 y - a scroll of brand weapon {unknown}
 A - a scroll of silence {unknown}
 B - a scroll of fear {unknown}
 D - a scroll of immolation {unknown}
Potions
 e - 3 potions of curing {unknown}
 g - a potion of magic {unknown}
 h - a potion of experience {unknown}
 k - a potion of might {unknown}
 l - a potion of mutation {unknown}
 m - 3 potions of degeneration {unknown}
 r - a potion of haste {unknown}
 v - a potion of lignification {unknown}
 x - 3 potions of heal wounds {unknown}
 F - a potion of cancellation {unknown}


   Skills:
 + Level 5.2 Fighting
 + Level 3.8 Throwing
 - Level 2.4 Dodging
 + Level 6.3 Unarmed Combat


You had 6 spell levels left.
You didn't know any spells.
Your spell library was empty.

Dungeon Overview and Level Annotations

Branches:
Dungeon (6/15)             Temple (0/1) D:5

Altars:
Gozag
Hepliaklqana
Nemelex Xobeh
Qazlal
Ru
Xom
Zin

Shops:
D:2 (

Annotations:
D:6 2 runed translucent doors


Innate Abilities, Weirdness & Mutations

You are too large for most types of armour.
You have claws for hands.
Your natural rate of healing is unusually fast.
You are covered in fur. (AC +1)
You have tough skin. (AC +1)


Message History

You closely miss the orc wizard.
The orc wizard hits you with a +0 dagger.
The orc warrior hits you from afar with a +0 trident!
You barely miss the orc wizard.
The orc warrior hits you from afar with a +0 trident!
The orc wizard completely misses you.
You are too injured to fight recklessly!
There are monsters nearby!
You are too injured to fight recklessly!
You are too injured to fight recklessly!
You are too injured to fight recklessly!
Unknown command.
Your skin crawls.
You feel strong-willed. The orc warrior barely misses you.
You scratch the orc wizard.
The orc wizard is heavily wounded.
Unknown command.
You barely miss the orc wizard. Your claw misses the orc wizard.
The orc wizard is heavily wounded.
The orc wizard hits you but does no damage.
The steam dragon breathes steam at you. The ball of steam hits you!
The orc warrior hits you from afar with a +0 trident!
* * * LOW HITPOINT WARNING * * *
Really walk into that cloud of steam?
Okay, then.
The orc wizard is engulfed in a cloud of scalding steam.
The orc wizard dies!
Really walk into that cloud of steam? [Y]es or [N]o only, please.
Really walk into that cloud of steam?
Okay, then.
You claw the steam dragon!
The steam dragon is heavily wounded.
The orc warrior hits you from afar with a +0 trident!
* * * LOW HITPOINT WARNING * * *
The steam dragon breathes steam at you. The ball of steam hits you!
You die...

....# .... ...## ....... # ###
....##........ .## ###.##
....#......... ..# #.<..#
#......# ...... #..# ###.#####
.......# .....o##...#... ##..#..#
.....#......?.oo).......##......#
.....# #########D########.......#
....## ##.......@§......#.)....##
.....##.#.........§.....#.....##
........#....#######....#....##
........#... #.BBBs#....#..^##
........#.. +BbsBs+....#...##
........#... #b.Bys#....#....#
........#....#######....#...##
........#...............#..##
...).)..#...............#...##


You could see a steam dragon (catching breath), an orc warrior and an orc.

Vanquished Creatures
  A water moccasin (D:5)
  A black bear (D:4)
  An ogre (D:5)
  A phantom (D:5)
  A necrophage (D:5)
  2 scorpions
  An orc priest (D:6)
  5 hounds
  Jessica (D:2)
  2 iguanas (D:6)
  6 adders
  2 white imps (D:6)
  A worm (D:2)
  2 dart slugs
  11 orcs
  5 bats
  3 endoplasms
  6 giant cockroaches
  A goblin (D:1)
  6 hobgoblins
  14 jackals
  5 quokkas
  11 ball pythons
  8 frilled lizards
  6 kobolds
  7 rats
110 creatures vanquished.

Vanquished Creatures (others)
  2 orc wizards
2 creatures vanquished.

Grand Total: 112 creatures vanquished

Notes
Turn   | Place    | Note
-------+----------+-------------------------------------------
     0 | D:1      | kevlar127 the Troll Berserker began the quest for the Orb.
     0 | D:1      | Reached XP level 1. HP: 22/22 MP: 0/0
   267 | D:1      | Reached XP level 2. HP: 29/29 MP: 1/1
  1145 | D:2      | Reached ** piety under Trog
  1146 | D:2      | Reached XP level 3. HP: 35/37 MP: 2/2
  1580 | D:2      | Noticed Jessica
  1587 | D:2      | Killed Jessica
  1588 | D:2      | Reached skill level 4 in Unarmed Combat
  1588 | D:2      | Reached XP level 4. HP: 35/45 MP: 3/3
  1783 | D:2      | Found Qochuint's Weapon Shoppe.
  2177 | D:3      | Found a faded altar of an unknown god.
  2415 | D:3      | Found a sparkling altar of Nemelex Xobeh.
  2458 | D:3      | Found a sacrificial altar of Ru.
  2863 | D:4      | Reached XP level 5. HP: 54/54 MP: 4/4
  2882 | D:4      | Noticed a black bear
  2888 | D:4      | Killed a black bear
  2889 | D:4      | Reached skill level 1 in Throwing
  2977 | D:4      | Reached *** piety under Trog
  3013 | D:4      | Found a stormy altar of Qazlal.
  3072 | D:4      | Reached skill level 5 in Unarmed Combat
  3072 | D:4      | Reached XP level 6. HP: 54/62 MP: 5/5
  3477 | D:5      | Entered Level 5 of the Dungeon
  3601 | D:5      | Found a staircase to the Ecumenical Temple.
  3610 | D:5      | Noticed a water moccasin
  3612 | D:5      | Found an opulent altar of Gozag.
  3619 | D:5      | Killed a water moccasin
  3679 | D:5      | Reached XP level 7. HP: 71/71 MP: 6/6
  3860 | D:5      | Found a hazy altar of Hepliaklqana.
  4005 | D:5      | Found a shimmering altar of Xom.
  4247 | D:6      | Reached skill level 6 in Unarmed Combat
  4249 | D:6      | Reached skill level 5 in Fighting
  4348 | D:6      | Found a glowing silver altar of Zin.
  4348 | D:6      | Noticed an angel
  4472 | D:6      | Found a runed translucent door.
  4474 | D:6      | Found a runed translucent door.
  4484 | D:6      | Noticed a steam dragon
  4497 | D:6      | Killed from afar by a steam dragon

Illustrated notes

Levels and vault maps discovered:
D:1:      spicycebolla_arrival_risky_transporter, layout_basic
D:2:      layout_basic, serial_shops, shop, kennysheep_jessica_study
D:3:      layout_rooms, nicolae_ru_awakened_eye,
          nemelex_xobeh_ov_fountains_minmay,
          hellmonk_ecumenical_altar_defaced_shrine, kennysheep_flooded_box,
          kennysheep_path_1
D:4:      layout_loops_ring, nicolae_overflow_hidden_temple
D:5:      layout_cave_pools, nicolae_gozag_cash_rules_everything_around_me,
          tgw_xom, mainiacjoe_overflow_surrounded_room, temple_green
D:6:      lemuel_insect_pit, layout_cave_pools, lightli_temple_of_fire,
          zin_angel, portal_sewer_entry_b

Skill      XL: |  1  2  3  4  5  6  7 |
---------------+----------------------+-----
Fighting       | 3 4 5 |  5.2
Unarmed Combat | 4 5 6 |  6.3
Throwing       | 1 2 3 |  3.8
Dodging        | |  2.4

Action                   |  1- 3 |  4- 6 |  7- 9 || total
-------------------------+-------+-------+-------++-------
Melee: Unarmed           |    88 |   131 |    65 ||   284
       Punch             |       |     3 |     2 ||     5
Invok: Trog's Hand       |       |       |     2 ||     2
       Berserk           |       |       |     1 ||     1
  Use: Scroll            |       |       |     1 ||     1
 Stab: Sleeping          |     1 |       |       ||     1
Armor: Animal skin       |    19 |     1 |       ||    20
       Robe              |       |    59 |    38 ||    97
Dodge: Dodged            |    41 |    69 |    66 ||   176

Table legend: (Time is in decaauts)
 A = Elapsed time spent in this place.
 B = Non-inter-level travel time spent in this place.
 C = Inter-level travel time spent in this place.
 D = Time resting spent in this place.
 E = Time spent auto-exploring this place.
 F = Levels seen in this place.
 G = Mean time per level.
                   A        B        C        D        E       F      G
               +--------+--------+--------+--------+--------+-----+--------+
         Total |   4484 |   4154 |    330 |    180 |   3326 |   6 |  747.3 |
       Dungeon |   4484 |   4154 |    330 |    180 |   3326 |   6 |  747.3 |
               +--------+--------+--------+--------+--------+-----+--------+

Top non-repeatable levels by time:
     D:1: 1098 daAuts
     D:4: 863 daAuts
     D:3: 776 daAuts
     D:2: 772 daAuts
     D:5: 650 daAuts
     D:6: 323 daAuts
